 Dungeon Crawl Stone Soup version 0.29.0-13-gc9e81de378 (webtiles) character file.

Game seed: 16335170972892644875

1 gdog the Covert (level 1, -3/23 HPs)
             Began as a Gnoll Delver on Sept 10, 2022.
             Succumbed to a scorpion's poison
             ... on level 5 of the Dungeon.
             The game lasted 00:00:40 (45 turns).

gdog the Covert (Gnoll Delver)                        Turns: 45, Time: 00:00:40

Health: -3/23      AC:  3    Str: 11    XL:     1   Next: 20%
Magic:  1/1        EV: 13    Int:  9    God:
Gold:   10         SH:  0    Dex: 13    Spells: 0/0 levels left

rFire   . . .      SeeInvis .   d - +0 glaive
rCold   . . .      Faith    .   (shield currently unavailable)
rNeg    . . .      Spirit   .   b - +0 leather armour
rPois   .          Reflect  .   (no helmet)
rElec   .          Harm     .   (no cloak)
rCorr   .          Rampage  .   (no gloves)
Will    .....                   (no boots)
Stlth   ++++......              (no amulet)
HPRegen 0.07/turn               (no ring)
MPRegen 0.07/turn               (no ring)

@: lethally poisoned (-3 -> -23)
A: fangs 1, strong nose, distributed training
a: no special abilities


You were on level 5 of the Dungeon.
You visited 1 branch of the dungeon, and saw 1 of its levels.

You collected 10 gold pieces.

Inventory:

Hand Weapons
 a - a +0 hand axe
 d - a +0 glaive (weapon)
Armour
 b - a +0 leather armour (worn)
Wands
 g - a wand of digging (3)
Scrolls
 c - a scroll of fog
Potions
 f - a potion of haste


   Skills:
 + Level 6.4 Fighting
 + Level 0.0 Short Blades
 + Level 0.0 Long Blades
 + Level 4.4 Axes
 + Level 0.0 Maces & Flails
 + Level 0.0 Polearms
 + Level 0.0 Staves
 + Level 0.0 Ranged Weapons
 + Level 0.0 Throwing
 + Level 0.0 Armour
 + Level 4.4 Dodging
 + Level 9.5 Stealth
 + Level 0.0 Shields
 + Level 0.0 Unarmed Combat
 + Level 0.0 Spellcasting
 + Level 0.0 Conjurations
 + Level 0.0 Hexes
 + Level 0.0 Summonings
 + Level 0.0 Necromancy
 + Level 0.0 Translocations
 + Level 0.0 Transmutations
 + Level 0.0 Fire Magic
 + Level 0.0 Ice Magic
 + Level 0.0 Air Magic
 + Level 0.0 Earth Magic
 + Level 0.0 Poison Magic
 + Level 0.0 Invocations
 + Level 0.0 Evocations


You couldn't memorise any spells.
You didn't know any spells.
Your spell library was empty.

Dungeon Overview and Level Annotations

Branches:
Dungeon (5/15)
 Temple: D:4-7

Altars:


Innate Abilities, Weirdness & Mutations

You have very sharp teeth.
Your uncanny sense of smell can sniff out nearby items.
Your experience applies equally to all skills.


Message History

Reach: d) +0 glaive
Press: ? - help, Dir - move target, f - scorpion
Aim: a scorpion (about 48% to evade your +0 glaive)
You reach to attack!
You hit the scorpion but do no damage. The scorpion barely misses you.
Reach: d) +0 glaive
Press: ? - help, Dir - move target, f/p - scorpion
Aim: a scorpion (about 48% to evade your +0 glaive)
You barely miss the scorpion. The scorpion stings you.
The scorpion closely misses you.
Unknown command.
Reach: d) +0 glaive
Press: ? - help, Dir - move target, p - scorpion
Okay, then.
You closely miss the scorpion. The scorpion barely misses you. x2
You closely miss the scorpion. Your bite misses the scorpion.
The scorpion closely misses you. The scorpion stings you.
You hit the scorpion.
The scorpion is lightly wounded.
The scorpion stings you but does no damage.
The scorpion completely misses you.
You hit the scorpion but do no damage. The scorpion closely misses you.
The scorpion stings you but does no damage.
You hit the scorpion.
The scorpion is moderately wounded.
The scorpion stings you.
You are poisoned.
The scorpion poisons you! The scorpion stings you.
You slash the scorpion!
The scorpion is almost dead.
You hear the slow rusting of a drain nearby.
You feel very sick. The scorpion closely misses you. The scorpion stings you!
* * * LOW HITPOINT WARNING * * *
You are more poisoned.
The scorpion poisons you!
Okay, then.
As you read the scroll of fear, it crumbles to dust.
You assume a fearsome visage.
The scorpion looks frightened!
You die...

*****### *,,,,..#
######### *,***#.#
#.......### #,####.#
#.##....<..
#.#....###.##.##.###
#)#.##........##.#
#..[s..###.#####.#
###@#### #.......#
***#.#** ###########
*,,...,* *******#...
*,##.#.* *,,,,,*#.##
*,*..#.# *,,,,,*#...
*,*.##,# *,,,,,*#..#
*,*.**,* *,,,,,*#..#
*,..,>,* *,,,,,*#.>.
***,**** ***,***##.#


You could see a scorpion (fleeing).

Vanquished Creatures
  A quokka (D:5)
1 creature vanquished.

Notes
Turn   | Place    | Note
-------+----------+-------------------------------------------
     0 | D:5      | Reached skill level 9 in Stealth
     0 | D:5      | gdog the Gnoll Delver began the quest for the Orb.
     0 | D:5      | Reached XP level 1. HP: 23/23 MP: 1/1
    27 | D:5      | Noticed a scorpion
    44 | D:5      | HP: 1/23 [scorpion (7)]
    45 | D:5      | Succumbed to a scorpion's poison

Illustrated notes

Levels and vault maps discovered:
D:5:      cheibrodos_barr_body, layout_loops_cross, gup_sewer_entry_bubbles,
          chequers_serial_rivers_room_b, nicolae_shop_clearance

Skill      XL: | |
---------------+-+-----
Stealth        | |  9.5
Fighting       | |  6.4
Axes           | |  4.4
Dodging        | |  4.4

Action                   || total
-------------------------++-------
Melee: Glaive            ||     9
  Use: Scroll            ||     2
 Stab: Sleeping          ||     1
Armor: Leather armour    ||     2
Dodge: Dodged            ||     8
